 Dungeon Crawl Stone Soup version 0.29-a0-233-g1125b37a9b (webtiles) character file.

Game seed: 9013113699101302115

1703 n8rtot the Grappler (level 8, 0/74 HPs)
             Began as a Troll Berserker on Mar 1, 2022.
             Was an Elder of Trog.
             Slain by a troll (2 damage)
             ... on level 7 of the Dungeon.
             The game lasted 00:23:45 (4865 turns).

n8rtot the Grappler (Troll Berserker)               Turns: 4865, Time: 00:23:46

Health: 0/74       AC:  4    Str: 28    XL:     8   Next: 73%
Magic:  7/7        EV: 11    Int:  3    God:    Trog [****..]
Gold:   375        SH:  0    Dex:  9    Spells: 7/7 levels left

rFire   . . .      SeeInvis .     - Unarmed
rCold   . . .      Faith    .   (no shield)
rNeg    . . .      Spirit   .   a - +0 animal skin
rPois   .          Reflect  .   (helmet restricted)
rElec   .          Harm     .   (no cloak)
rCorr   .          Rampage  .   (gloves unavailable)
Will    .....                   (boots unavailable)
Stlth   +.........              (no amulet)
HPRegen 1.02/turn               t - ring of flight
MPRegen 0.10/turn               (no ring)

@: confused, flying
A: large, unfitting armour, claws 3, regeneration 1, shaggy fur 1, tough skin 1
a: Renounce Religion, Berserk, Trog's Hand, Brothers in Arms


You were on level 7 of the Dungeon.
You worshipped Trog.
Trog was greatly pleased with you.
You visited 1 branch of the dungeon, and saw 7 of its levels.

You collected 375 gold pieces.

Inventory:

Hand Weapons
 x - a +0 shortbow
Missiles
 F - 16 stones (quivered)
Armour
 a - a +0 animal skin (worn)
 s - a +0 hat
 u - a +2 pair of gloves
 w - a +1 barding
Jewellery
 t - a ring of flight (left claw)
 v - an amulet of faith
 z - a ring of protection from fire
 B - a ring of resist corrosion
 D - an amulet of the acrobat
Wands
 l - a wand of flame (15)
 E - a wand of charming (3)
Scrolls
 c - 3 scrolls of magic mapping {unknown}
 i - 5 scrolls of teleportation {unknown}
 j - 3 scrolls of identify {unknown}
 m - a scroll of amnesia {unknown}
 p - 3 scrolls of enchant armour {unknown}
 q - a scroll of brand weapon {unknown}
 r - 3 scrolls of noise {unknown}
 y - a scroll of vulnerability {unknown}
 C - a scroll of holy word {unknown}
Potions
 b - 4 potions of curing {unknown}
 d - a potion of degeneration {unknown}
 e - 2 potions of brilliance {unknown}
 f - a potion of lignification {unknown}
 g - 2 potions of haste {unknown}
 h - 3 potions of heal wounds {unknown}
 k - 3 potions of might {unknown}
 n - a potion of magic {unknown}
 o - a potion of ambrosia {unknown}
 A - a potion of flight {unknown}


   Skills:
 - Level 2.4 Fighting
 + Level 6.2 Dodging
 - Level 0.2 Stealth
 + Level 9.3 Unarmed Combat


You had 7 spell levels left.
You didn't know any spells.
Your spell library contained the following spells:

 Spells                   Type           Power      Damage    Failure   Level
 Passage of Golubria      Tloc           0%         N/A       99%         4
 Silence                  Hex/Air        0%         N/A       100%        5
 Lehudib's Crystal Spear  Conj/Erth      0%         10d2      100%        8


Dungeon Overview and Level Annotations

Branches:
Dungeon (7/15)             Temple (0/1) D:5

Altars:
Gozag
Ru
Trog

Annotations:
D:3 Grinder


Innate Abilities, Weirdness & Mutations

You are too large for most types of armour.
You have claws for hands.
Your natural rate of healing is unusually fast.
You are covered in fur. (AC +1)
You have tough skin. (AC +1)


Message History

The howler monkey completely misses you.
You mangle the howler monkey!!
You kill the howler monkey!
Trog accepts your kill. The troll bites you. The troll claws you!
* * * LOW HITPOINT WARNING * * *
The troll claws you but does no damage.
An orc comes into view. It is wielding a +0 falchion.
An orc comes into view. It is wielding a +0 short sword.
The orc shouts!
The orc wizard barely misses you. The orc closely misses you.
The bullfrog closely misses you.
You barely miss the orc wizard. The bullfrog hits you.
The orc wizard completely misses you. The orc barely misses you.
The troll bites you! The troll claws you!
* * * LOW HITPOINT WARNING * * *
The troll claws you.
* * * LOW HITPOINT WARNING * * *
You closely miss the orc wizard. You claw the orc wizard.
The orc wizard is moderately wounded.
The bullfrog barely misses you.
The orc wizard points at you and mumbles some strange words.
You are confused.
The orc hits you with a +0 falchion.
* * * LOW HITPOINT WARNING * * *
The bullfrog closely misses you.
You bump into the rock wall.
The troll barely misses you. The troll claws you.
* * * LOW HITPOINT WARNING * * *
The troll claws you.
* * * LOW HITPOINT WARNING * * *
An orc comes into view.
It is wielding a +0 short sword and wearing a +2 leather armour of poison resistance.
The bullfrog barely misses you. The orc wizard closely misses you.
The orc hits you with a +0 falchion.
* * * LOW HITPOINT WARNING * * *
You claw the bullfrog! Your claw misses the bullfrog.
The bullfrog is heavily wounded.
The bullfrog hits you.
* * * LOW HITPOINT WARNING * * *
The troll bites you.
You die...

##############
#....o...F...#
#.##########.# #.#
#...#.#
#######.######.#.#.#
.......o.....#.#F#.#
...........#.#.T@oo#
....?......# ###o###
...........# #.#
[..........# #o#
...........#.# .o.
.(.......<...# ...
...........###....#
#######.#.........#
#.######.


You could see a troll, a bullfrog, an orc wizard and 4 orcs.

Vanquished Creatures
  Pargi (D:5)
  2 black bears
  A sky beast (D:6)
  2 ogres
  2 centaurs
  A phantom (D:6)
  A gnoll sergeant (D:5)
  2 necrophages (D:6)
  3 wights (D:6)
  A howler monkey (D:7)
  A hound (D:5)
  2 jellies (D:6)
  An iguana (D:5)
  Jessica (D:2)
  3 orc wizards
  6 adders
  14 gnolls
  2 shadow imps
  A white imp (D:6)
  2 worms
  A dart slug (D:3)
  14 orcs
  6 bats
  7 endoplasms
  5 giant cockroaches
  5 goblins
  9 hobgoblins
  9 kobolds
  4 quokkas
  8 ball pythons
  6 frilled lizards
  2 rats
125 creatures vanquished.

Notes
Turn   | Place    | Note
-------+----------+-------------------------------------------
     0 | D:1      | n8rtot the Troll Berserker began the quest for the Orb.
     0 | D:1      | Reached XP level 1. HP: 22/22 MP: 0/0
   121 | D:1      | Reached XP level 2. HP: 24/29 MP: 1/1
   359 | D:1      | Reached ** piety under Trog
   590 | D:1      | Reached XP level 3. HP: 36/36 MP: 2/2
   827 | D:2      | Noticed Jessica
   835 | D:2      | Killed Jessica
   837 | D:2      | Reached skill level 4 in Unarmed Combat
   907 | D:2      | Reached XP level 4. HP: 44/44 MP: 3/3
  1250 | D:2      | Reached XP level 5. HP: 35/50 MP: 4/4
  1403 | D:2      | Reached skill level 5 in Unarmed Combat
  1568 | D:3      | Found a bloodstained altar of Trog.
  1681 | D:3      | Reached *** piety under Trog
  1784 | D:3      | Noticed Grinder
  1789 | D:3      | Paralysed by Grinder for 3 turns
  1952 | D:3      | Noticed Pargi
  1970 | D:3      | Noticed a black bear
  2075 | D:4      | Found a sand-covered staircase.
  2123 | D:5      | Entered Level 5 of the Dungeon
  2178 | D:5      | Killed Pargi
  2179 | D:5      | Reached XP level 6. HP: 26/59 MP: 5/5
  2382 | D:4      | Reached skill level 6 in Unarmed Combat
  2579 | D:4      | Reached XP level 7. HP: 66/66 MP: 6/6
  2756 | D:4      | Found an opulent altar of Gozag.
  3128 | D:5      | Reached skill level 5 in Dodging
  3331 | D:5      | Found a staircase to the Ecumenical Temple.
  3397 | D:5      | Reached skill level 7 in Unarmed Combat
  3580 | D:5      | Identified the +1 leather armour "Paxki" {rC- Str+3 Int+4}
  3668 | D:5      | Found a sacrificial altar of Ru.
  4121 | D:6      | Reached XP level 8. HP: 71/74 MP: 7/7
  4211 | D:6      | Reached skill level 8 in Unarmed Combat
  4555 | D:6      | Reached **** piety under Trog
  4672 | D:6      | Reached skill level 9 in Unarmed Combat
  4821 | D:7      | Noticed a troll
  4864 | D:7      | HP: 2/74 [orc/+0 falchion (4)]
  4865 | D:7      | Slain by a troll

Illustrated notes

Levels and vault maps discovered:
D:1:      onia_arrival_pyramid, layout_basic, minmay_misc_feat_x,
          minmay_misc_feat_more_columns, patterned_corridor
D:2:      layout_loops_ring, uniq_jessica
D:3:      layout_loops_cross, mainiacjoe_overflow_concentric_impassable,
          uniq_grinder, uniq_pargi
D:4:      layout_gridville, kennysheep_mini,
          lightli_ossuary_entry_decrepit_ruins, kennysheep_minor_cross
D:5:      layout_basic, nicolae_overflow_crystal_walls,
          minmay_temple_entry_glass
D:6:      layout_basic
D:7:      layout_basic, nicolae_dithmenos_through_a_glass_darkly,
          nicolae_hepliaklqana_hazy_memory, serial_shops, nicolae_shop_stone,
          shop, nicolae_shop_behind_doors, nicolae_take_the_stairs,
          nicolae_shop_crystal, uniq_menkaure

Skill      XL: |  1  2  3  4  5  6  7  8 |
---------------+-------------------------+-----
Dodging        | 3 4 5 6 |  6.2
Unarmed Combat | 4 5 6 7 9 |  9.3
Fighting       | |  2.4
Stealth        | |  0.2

Action                   |  1- 3 |  4- 6 |  7- 9 || total
-------------------------+-------+-------+-------++-------
Melee: Unarmed           |    93 |   166 |   132 ||   391
       Punch             |       |     3 |     5 ||     8
 Stab: Sleeping          |     1 |     1 |       ||     2
Armor: Animal skin       |    36 |    69 |    22 ||   127
Dodge: Dodged            |    37 |   162 |    64 ||   263

Table legend: (Time is in decaauts)
 A = Elapsed time spent in this place.
 B = Non-inter-level travel time spent in this place.
 C = Inter-level travel time spent in this place.
 D = Time resting spent in this place.
 E = Time spent auto-exploring this place.
 F = Levels seen in this place.
 G = Mean time per level.
                   A        B        C        D        E       F      G
               +--------+--------+--------+--------+--------+-----+--------+
         Total |   4829 |   4829 |      0 |    396 |   2539 |   7 |  689.9 |
       Dungeon |   4829 |   4829 |      0 |    396 |   2539 |   7 |  689.9 |
               +--------+--------+--------+--------+--------+-----+--------+

Top non-repeatable levels by time:
     D:5: 1152 daAuts
     D:4: 899 daAuts
     D:2: 887 daAuts
     D:1: 818 daAuts
     D:6: 757 daAuts
     D:3: 265 daAuts
     D:7: 47 daAuts
